 Dungeon Crawl Stone Soup version 0.20-a0-274-g7b51309 (webtiles) character file.

42 AlphabetPasta the Caller (level 3, -3/21 HPs)
             Began as a High Elf Summoner on Dec 13, 2016.
             Killed by nerve-wracking pain
             ... invoked by an orc priest
              (12 damage)
             ... on level 3 of the Dungeon.
             The game lasted 00:10:03 (1594 turns).

AlphabetPasta the Caller (High Elf Summoner)        Turns: 1594, Time: 00:10:05

Health: -3/21      AC:  4    Str:  7    XL:     3   Next: 35%
Magic:  3/8        EV: 13    Int: 20    God:
Gold:   32         SH:  0    Dex: 15    Spells: 1/7 levels left

rFire  . . .     SeeInvis .     i - +0 dagger
rCold  . . .     Gourm    .     a - +0 robe
rNeg   . . .     Faith    .     (no shield)
rPois  .         Spirit   .     (no helmet)
rElec  .         Reflect  .     (no cloak)
rCorr  .         Harm     .     j - +0 pair of gloves
MR     .....                    l - +0 pair of boots (curse)
Stlth  ++........               (no amulet)
                                (no ring)
                                (no ring)

@: very slightly contaminated, hasted, very quick
A: no striking features
a: no special abilities


You were on level 3 of the Dungeon.
You were not hungry.

You visited 1 branch of the dungeon, and saw 3 of its levels.

You collected 32 gold pieces.

Inventory:

Hand Weapons
 i - a +0 dagger (weapon)
Missiles
 f - 5 javelins (quivered)
 h - 18 arrows
Armour
 a - a +0 robe (worn)
 j - a +0 pair of gloves (worn)
 l - a cursed +0 pair of boots (worn)
Scrolls
 m - 2 scrolls of remove curse
Potions
 e - a potion of haste
 k - a potion of resistance {unknown}
 q - a potion of might {unknown}
Books
 b - a book of Callings

   Spells                             Type                      Level
   a - Summon Small Mammal            Summoning                    1
   b - Call Imp                       Summoning                    2
   c - Call Canine Familiar           Summoning                    3
   d - Summon Guardian Golem          Hexes/Summoning              3
   e - Summon Lightning Spire         Summoning/Air                4
   f - Summon Ice Beast               Ice/Summoning                4
Comestibles
 c - 3 bread rations
 n - a meat ration
 o - a beef jerky
 p - 3 chunks of flesh


   Skills:
 + Level 1.2 Short Blades
 + Level 2.4 Dodging
 - Level 2.1 Stealth
 + Level 2.9 Spellcasting
 * Level 4.2 Summonings


You had one spell level left.
You knew the following spells:

 Your Spells              Type           Power        Failure   Level  Hunger
a - Summon Small Mammal   Summ           ###.         2%          1    None
b - Call Imp              Summ           ###.....     4%          2    ##.....
c - Call Canine Familiar  Summ           ###.....     10%         3    ###....


Dungeon Overview and Level Annotations

Branches:
Dungeon (2/15)

Altars:


Message History

Beogh smites you!
Ouch! That really hurt!
Something misses your hound.
You closely miss the orc priest.
The orc priest is heavily wounded.
Your hound closely misses the orc priest.
The orc priest barely misses you.
The orc priest barely misses your hound.
Okay, then.
You hit the orc priest.
The orc priest is severely wounded.
Your hound closely misses the orc priest.
Something hits your hound.
You closely miss the orc priest.
The orc priest is severely wounded.
Your hound bites the orc priest.
The orc priest mumbles some strange prayers to Beogh against you.
Pain shoots through your body!
Ouch! That really hurt!
You die...

.. o%...# ..
.......o..+
#.###⌠...⌠....##
######..##...........
#...###.#.... ......#
#...+......###......#
#...###.....)†......#
#...#.#...{.#######.#
#...#......ho@...#
#...#.###..#####.#
#...'......#
#...#.###..#
#.....#.# ..>..
...#####.+...... ...
###....... #.
#....#### .


You could see an orc priest and a friendly hound.

Vanquished Creatures
  A dart slug (D:2)
  A leopard gecko (D:3)
  An orc (D:3)
  A bat (D:1)
  4 goblins
  A hobgoblin (D:1)
  A frilled lizard (D:1)
  3 rats
13 creatures vanquished.

Vanquished Creatures (collateral kills)
  2 adders
  4 leopard geckos (D:1)
  3 bats
  3 hobgoblins (D:1)
  4 kobolds
16 creatures vanquished.

Grand Total: 29 creatures vanquished

Notes
Turn   | Place    | Note
-------+----------+-------------------------------------------
     0 | D:1      | AlphabetPasta the High Elf Summoner began the quest for the Orb.
     0 | D:1      | Reached XP level 1. HP: 11/11 MP: 4/4
   230 | D:1      | Reached XP level 2. HP: 9/17 MP: 4/6
   976 | D:1      | Reached skill level 4 in Summonings
  1346 | D:2      | Reached skill level 1 in Short Blades
  1353 | D:2      | Learned a level 2 spell: Call Imp
  1422 | D:2      | Reached XP level 3. HP: 18/21 MP: 6/8
  1427 | D:2      | Learned a level 3 spell: Call Canine Familiar
  1536 | D:2      | Learned a level 3 spell: Call Canine Familiar
  1542 | D:2      | You fall through a shaft!
  1594 | D:3      | Killed from afar by an orc priest

Vault maps used:
D:1:      minmay_arrival_stair_chambers
D:2:      trog_hazing_becter, uniq_iyjb, uniq_jessica
D:3:      glass_columns_c, minmay_misc_feat_pillars, grunt_ministairs_1,
          uniq_robin

Skill      XL: |  1  2 |
---------------+-------+-----
Summonings     | 4 |  4.2
Short Blades   | 1 |  1.2
Dodging        | |  2.4
Stealth        | |  2.1
Spellcasting   | |  2.9

Action                   || total
-------------------------++-------
Melee: Short sword       ||    22
       Dagger            ||    64
 Cast: Summon Small Mamm ||    22
       Call Canine Famil ||     3
  Use: Scroll            ||     6
       Potion            ||     2
 Stab: Sleeping          ||     6
  Eat: Chunk             ||     2
Armor: Robe              ||     7
Dodge: Dodged            ||    45
